 Dungeon Crawl Stone Soup version 0.29.0-10-g45618ea6d2 (webtiles) character file.

Game seed: 15439799210203113216

1059 Persephone the Skirmisher (level 8, -1/56 HPs)
             Began as a Formicid Hunter on Sept 2, 2022.
             Succumbed to a killer bee's poison
             ... on level 7 of the Dungeon.
             The game lasted 00:06:59 (3597 turns).

Persephone the Skirmisher (Formicid Hunter)         Turns: 3597, Time: 00:06:59

Health: -1/56      AC: 16    Str: 18    XL:     8   Next: 52%
Magic:  8/8        EV: 10    Int:  9    God:
Gold:   135        SH:  0    Dex: 17    Spells: 7/7 levels left

rFire   . . .      SeeInvis +   a - +0 shortbow
rCold   . . .      Faith    .   (no shield)
rNeg    . . .      Spirit   .   t - +3 scale mail
rPois   .          Reflect  .   (helmet unavailable)
rElec   .          Harm     .   (no cloak)
rCorr   .          Rampage  .   d - +0 pair of gloves
Will    .....                   i - +0 pair of boots
Stlth   ++........              (no amulet)
HPRegen 0.18/turn               p - +4 ring of protection
MPRegen 0.11/turn               (no ring)

@: lethally poisoned (-1 -> -16), flying
A: permanent stasis, dig shafts and tunnels, antennae 3, four strong arms
a: Dig, Shaft Self


You were on level 7 of the Dungeon.
You visited 1 branch of the dungeon, and saw 5 of its levels.

You collected 135 gold pieces.

Inventory:

Hand Weapons
 a - a +0 shortbow (weapon)
Armour
 c - a +0 leather armour
 d - a +0 pair of gloves (worn)
 i - a +0 pair of boots (worn)
 t - a +3 scale mail (worn)
Jewellery
 p - a +4 ring of protection (left hand)
Wands
 q - a wand of flame (27)
Scrolls
 b - 3 scrolls of immolation
 e - 2 scrolls of identify {unknown}
 f - 3 scrolls of vulnerability {unknown}
 h - 2 scrolls of poison {unknown}
 m - 3 scrolls of blinking {unknown}
 r - a scroll of summoning {unknown}
 u - a scroll of fear {unknown}
 v - a scroll of enchant weapon {unknown}
 w - a scroll of teleportation {unknown}
Potions
 k - a potion of might {unknown}
 l - 2 potions of degeneration {unknown}
 n - a potion of heal wounds {unknown}
 o - a potion of mutation {unknown}
 s - a potion of brilliance {unknown}
 x - a potion of magic {unknown}


   Skills:
 - Level 2.1 Fighting
 * Level 8.8 Ranged Weapons
 + Level 3.4 Armour
 - Level 1.7 Dodging
 - Level 5.4 Stealth


You had 7 spell levels left.
You didn't know any spells.
Your spell library contained the following spells:

 Spells                   Type           Power      Damage    Failure   Level
 Apportation              Tloc           0%         N/A       77%         1
 Foxfire                  Conj/Fire      0%         2x1d4     77%         1
 Necrotise                Necr           0%         1d4       77%         1
 Summon Small Mammal      Summ           0%         N/A       77%         1
 Conjure Flame            Conj/Fire      0%         6-21      98%         3
 Inner Flame              Hex/Fire       0%         N/A       98%         3
 Flame Wave               Conj/Fire      0%         2d4       100%        4


Dungeon Overview and Level Annotations

Branches:
Dungeon (4/15)             Temple (0/1) D:4

Altars:

Annotations:
D:4 Edmund


Innate Abilities, Weirdness & Mutations

You cannot be hasted, slowed, berserked, paralysed or teleported.
You can dig through walls and to a lower floor.
You have a pair of large antennae on your head. (SInv)
Your four strong arms can wield two-handed weapons with a shield.


Message History

Press: ? - help, Shift-Dir - straight line, f/p - killer bee
Aim: a killer bee (moderately wounded, 40% to hit)
You shoot an arrow.
The arrow completely misses the killer bee.
You feel sick. The killer bee barely misses you. x2
The killer bee stings you but does no damage.
The killer bee closely misses you.
Fire: a) +0 shortbow
Press: ? - help, Shift-Dir - straight line, f/p - killer bee
Aim: a killer bee (moderately wounded, 40% to hit)
You shoot an arrow. The arrow hits the killer bee.
The killer bee is heavily wounded.
You feel sick.
You are no longer poisoned.
The killer bee stings you.
* * * LOW HITPOINT WARNING * * *
You are poisoned.
The killer bee poisons you! The killer bee closely misses you.
The killer bee stings you.
* * * LOW HITPOINT WARNING * * *
You are lethally poisoned!
The killer bee poisons you!
The killer bee stings you but does no damage.
Fire: a) +0 shortbow
Press: ? - help, Shift-Dir - straight line, f/p - killer bee
Aim: a killer bee (heavily wounded, 40% to hit)
You shoot an arrow. The arrow barely misses the killer bee.
* * * LOW HITPOINT WARNING * * *
You feel very sick.
The killer bee stings you but does no damage.
The killer bee stings you.
* * * LOW HITPOINT WARNING * * *
You are more poisoned.
The killer bee poisons you! The killer bee barely misses you.
The killer bee closely misses you. x2; The killer bee barely misses you.
Fire: a) +0 shortbow
Press: ? - help, Shift-Dir - straight line, f/p - killer bee
Aim: a killer bee (heavily wounded, 40% to hit)
You shoot an arrow. The arrow misses the killer bee.
You die...

..........# .# #
#######...####
.##.# #.....>##
#.....
######..##.....
...###....#.#
#.......#..#
#..........#
....###.)#...#.#
.## ##.@†....#
##yy...##
#n......#
...##.... .#.#
##.# .. .. ? ..
#.# ... ..


You could see a necrophage and 2 killer bees.

Vanquished Creatures
  Grinder (D:4)
  Sigmund (D:4)
  A black bear (D:4)
  An ogre (D:7)
  A phantom (D:4)
  A killer bee (D:7)
  2 jellies
  A gnoll bouda (D:3)
  Terence (D:2)
  Natasha (thrice) (D:2)
  An iguana (D:3)
  An orc wizard (D:3)
  3 gnolls (D:3)
  6 adders
  2 white imps
  An ufetubus (D:4)
  3 worms (D:2)
  A dart slug (D:1)
  6 orcs (D:3)
  9 ball pythons
  5 bats
  8 endoplasms
  6 giant cockroaches
  7 goblins
  4 hobgoblins
  2 jackals (D:1)
  5 quokkas
  3 frilled lizards (D:1)
  4 kobolds
  5 rats
95 creatures vanquished.

Vanquished Creatures (others)
  An orc (D:3)
  12 plants (D:3)
13 creatures vanquished.

Grand Total: 108 creatures vanquished

Notes
Turn   | Place    | Note
-------+----------+-------------------------------------------
     0 | D:1      | Persephone the Formicid Hunter began the quest for the Orb.
     0 | D:1      | Reached XP level 1. HP: 16/16 MP: 1/1
    65 | D:1      | Reached XP level 2. HP: 22/22 MP: 2/2
   308 | D:1      | Reached XP level 3. HP: 27/27 MP: 3/3
   355 | D:1      | Found a faded altar of an unknown god.
   642 | D:2      | Noticed Natasha
   653 | D:2      | Killed Natasha
   654 | D:2      | Reached skill level 5 in Ranged Weapons
   654 | D:2      | Reached XP level 4. HP: 7/33 MP: 4/4
   949 | D:2      | Noticed Natasha
   956 | D:2      | Killed Natasha
   957 | D:2      | Reached XP level 5. HP: 28/38 MP: 5/5
  1163 | D:2      | Noticed Natasha
  1166 | D:2      | Killed Natasha
  1331 | D:2      | Noticed Terence
  1344 | D:2      | HP: 1/38 [worm (1)]
  1349 | D:2      | You fall into a shaft and drop 2 floors!
  1665 | D:4      | Noticed a phantom
  1670 | D:4      | Killed a phantom
  1671 | D:4      | Reached skill level 6 in Ranged Weapons
  1671 | D:4      | Reached XP level 6. HP: 44/44 MP: 6/6
  1717 | D:4      | Noticed Grinder
  1733 | D:4      | Killed Grinder
  1734 | D:4      | Reached skill level 7 in Ranged Weapons
  1734 | D:4      | Reached skill level 5 in Stealth
  1734 | D:4      | Reached XP level 7. HP: 32/50 MP: 7/7
  2051 | D:2      | Killed Terence
  2396 | D:3      | Reached skill level 1 in Armour
  3255 | D:4      | Noticed Sigmund
  3265 | D:4      | Reached XP level 8. HP: 49/56 MP: 8/8
  3269 | D:4      | Killed Sigmund
  3270 | D:4      | Reached skill level 8 in Ranged Weapons
  3376 | D:4      | Found a staircase to the Ecumenical Temple.
  3386 | D:4      | Noticed Edmund
  3395 | D:4      | You fall into a shaft and drop 3 floors!
  3597 | D:7      | Succumbed to a killer bee's poison

Illustrated notes

Levels and vault maps discovered:
D:1:      dpeg_arrival_solitude, layout_basic,
          hellmonk_ecumenical_altar_crossroads, minmay_hexomino_f4
D:2:      layout_rooms, uniq_terence, uniq_natasha
D:3:      minmay_general_purpose_star, layout_loops_ring, nicolae_grassy_gnolls
D:4:      wander_river, layout_rooms, minmay_temple_entry_butterflies,
          uniq_sigmund, uniq_edmund, uniq_grinder, uniq_duvessa
D:7:      layout_rooms, general_overflow_altar, uniq_crazy_yiuf_cottage

Skill      XL: |  1  2  3  4  5  6  7  8 |
---------------+-------------------------+-----
Stealth        | 2 3 4 5 |  5.4
Ranged Weapons | 5 6 7 8 |  8.8
Armour         | 2 3 |  3.4
Fighting       | |  2.1
Dodging        | |  1.7

Action                   |  1- 3 |  4- 6 |  7- 9 || total
-------------------------+-------+-------+-------++-------
 Fire: Shortbow          |    79 |   108 |   193 ||   380
 Abil: Shaft Self        |       |     1 |     1 ||     2
       Dig               |       |     1 |       ||     1
  Use: Potion            |       |     3 |     3 ||     6
Armor: Leather armour    |    15 |    12 |     5 ||    32
       Scale mail        |       |       |   108 ||   108
Dodge: Dodged            |    32 |    22 |   111 ||   165
